AoeStats
← Chris77A

Black Forest

509668033Analyzed
2v2 RM · 4d ago on Sep 27, 2026· 20m 1s· 4 players
Game mode
Random Map
Map size
Medium (4 player)
Population
200
Speed
Normal
Resources
Standard
Victory
Conquest
Starting age
Dark Age
Ending age
Imperial Age
RankedLock teamsTeams togetherTeam positionsShared explorationLock speedFull tech treeHidden civsTurbo modeCheats
Victory
Defeat
🇬🇧 Teutons · United Kingdom
1271
+13
🇬🇧 Bohemians · United Kingdom
1161
+18
🇦🇷 Saracens · Argentina
1230
-17
🇧🇷 Spanish · Brazil
1174
-14
Chris77A
0:56 Loom
11:08 Feudal Age
17:36 Castle Age
NoobMonk14
4:41 Loom
11:25 Feudal Age
11:59 Double-Bit Axe
13:32 Forging
15:12 Scale Barding Armor
21:24 Castle Age
Leetz
11:31 Feudal Age
12:47 Double-Bit Axe
16:25 Castle Age
18:41 Bow Saw
18:35 Loom
Pepey
9:34 Feudal Age
13:03 Fletching
15:22 Loom
Connection lost

Rejoining the realm…

Still unreachable

The connection could not be restored.

Session expired

The server has moved on; the page needs a fresh start.